 Dungeon Crawl Stone Soup version 0.22-a0-608-g8a62e23 (webtiles) character file.

35 kae the Skirmisher (level 3, 0/33 HPs)
             Began as a Hill Orc Fighter on July 9, 2018.
             Succumbed to a kobold's poison
             ... on level 2 of the Dungeon.
             The game lasted 00:00:33 (887 turns).

kae the Skirmisher (Hill Orc Fighter)                Turns: 887, Time: 00:00:34

Health: 0/33       AC:  6    Str: 19    XL:     3   Next: 33%
Magic:  3/3        EV:  7    Int:  8    God:
Gold:   51         SH:  9    Dex: 10    Spells: 2/2 levels left

rFire    . . .     SeeInvis .   a - +0 war axe
rCold    . . .     Gourm    .   c - +0 shield
rNeg     . . .     Faith    .   b - +0 scale mail
rPois    .         Spirit   .   (no helmet)
rElec    .         Reflect  .   (no cloak)
rCorr    .         Harm     .   (no gloves)
MR       .....                  (no boots)
Stlth    ..........             (no amulet)
HPRegen  0.11/turn              (no ring)
MPRegen  0.08/turn              (no ring)

@: lethally poisoned (0 -> -40)
A: no striking features
a: no special abilities


You were on level 2 of the Dungeon.
You were not hungry.

You visited 1 branch of the dungeon, and saw 2 of its levels.

You collected 51 gold pieces.

Inventory:

Hand Weapons
 a - a +0 war axe (weapon)
Armour
 b - a +0 scale mail (worn)
 c - a +0 shield (worn)
Jewellery
 m - an uncursed amulet of magic regeneration {unknown}
 n - an uncursed ring of protection from magic {unknown}
Scrolls
 e - a scroll of identify {unknown}
 g - a scroll of amnesia {unknown}
 h - a scroll of remove curse {unknown}
 i - 2 scrolls of teleportation {unknown}
 j - a scroll of fear {unknown}
Potions
 d - a potion of might
 k - a potion of lignification {unknown}
 l - a potion of ambrosia {unknown}
Comestibles
 f - 2 rations


   Skills:
 + Level 4.1 Fighting
 * Level 4.0 Axes
 + Level 3.6 Armour
 - Level 3.2 Shields


You had 2 spell levels left.
You didn't know any spells.
Your spell library was empty.

Dungeon Overview and Level Annotations

Branches:
Dungeon (2/15)

Altars:


Message History

The kobold is moderately wounded.
You feel sick. The kobold hits you but does no damage.
You are more poisoned.
The kobold hits you but does no damage.
You are more poisoned.
You miss the kobold.
The kobold is moderately wounded.
You feel very sick. The kobold hits you but does no damage.
You are more poisoned.
You slash the kobold!
You kill the kobold!
Your Axes skill increases to level 4!
* * * LOW HITPOINT WARNING * * *
You feel very sick.
* * * LOW HITPOINT WARNING * * *
You feel very sick.
Things that are here:
a dagger of venom; a kobold corpse You die...

#.(.### #...... #
##...####.#
).........### ##
<.....)..)....#.
..........###.#.## #
.#...#.##.#......#.#
.#........# #.#..#.#
.#...#.#### #...@..#
.#...#$# #.#.)###
.#...#.# #.<#
.......# #......#
###.### ###..... #.#
#####.# ... .. ###


There were no monsters in sight!

Vanquished Creatures
  A ball python (D:2)
  2 giant cockroaches (D:1)
  A goblin (D:1)
  3 hobgoblins (D:1)
  10 jackals (D:1)
  2 kobolds (D:2)
  7 bats
  2 rats (D:1)
28 creatures vanquished.

Notes
Turn   | Place    | Note
-------+----------+-------------------------------------------
     0 | D:1      | kae the Hill Orc Fighter began the quest for the Orb.
     0 | D:1      | Reached XP level 1. HP: 19/19 MP: 1/1
    66 | D:1      | You fall through a shaft!
    83 | D:2      | Reached XP level 2. HP: 22/27 MP: 2/2
   291 | D:1      | Reached XP level 3. HP: 24/33 MP: 3/3
   887 | D:2      | Succumbed to a kobold's poison

Vault maps used:
D:1:      dpeg_arrival_shelter, serial_bayou_pond_e, serial_park_tiny_1,
          roderic_roman_lattice
D:2:      okawaru_metal_pillars_3, uniq_terence

Skill      XL: |  1  2  3 |
---------------+----------+-----
Axes           | 3 4 |  4.0
Fighting       | 4 |  4.1
Armour         | |  3.6
Shields        | |  3.2

Action                   || total
-------------------------++-------
Melee: War axe           ||    91
Armor: Scale mail        ||    74
Dodge: Dodged            ||    38
Block: Shield            ||    81

Table legend:
 A = Spawn XP
 B = Non-spawn XP
 C = Spawn XP percentage of total XP
 D = Spawn monster count
 E = Non-spawn monster count
 F = Spawn count percentage of total count
 G = Total turns spent on level
                    A         B        C        D         E        F      G
               +---------+---------+-------+---------+---------+-------+---------
         Total |       0 |      50 |   0.0 |       0 |      28 |   0.0 |   887
               +---------+---------+-------+---------+---------+-------+---------
           D:1 |       0 |      44 |   0.0 |       0 |      24 |   0.0 |   849
           D:2 |       0 |       6 |   0.0 |       0 |       4 |   0.0 |    38
               +---------+---------+-------+---------+---------+-------+---------
